 Dungeon Sprint DCSS version 0.17.1-1-g73c8601 (webtiles) character file.

12 Ponchio the Firebug (level 5, -1/30 (31) HPs)
             Began as an Octopode Fire Elementalist on Dec 31, 2015.
             Was a Follower of Vehumet.
             Slain by a porcupine (12 damage)
             ... in the Dungeon (Sprint VI: "Thunderdome").
             The game lasted 00:07:45 (194 turns).

Ponchio the Firebug (Octopode Fire Elementalist)     Turns: 194, Time: 00:07:45

HP:   -1/30 (31)    AC:  2    Str:  8    XL:     5   Next: 67%
MP:   8/13          EV: 13    Int: 22    God:    Vehumet [*.....]
Gold: 40            SH:  0    Dex: 19    Spells: 2 memorised, 10 levels left

rFire  + . .     SeeInvis +     (no weapon)
rCold  + + +     Clarity  .     (no shield)
rNeg   . . .     SustAt   +     (helmet restricted)
rPois  .         Gourm    .     o - amulet "Opoiline" {Stasis rC+ SInv}
rElec  +         Spirit   .     m - ring of Xom's Best Wishes {SustAt -Tele rC+ Dex+7}
rCorr  .         Warding  .     n - ring of the Morning {rElec rC++ Int+4 Stlth+}
rMut   .         Stasis   +     p - ring of Zirig {Fire +Inv}
MR     .....                    (no ring)
Stlth  +++++.....               (no ring)
                                (no ring)
                                (no ring)
                                (no ring)

@: very slightly contaminated, not resistant to hostile enchantments, quite
stealthy
A: almost no armour, amphibious, 8 rings, constrict 8, camouflage 1, shaggy fur
1, gelatinous body 1
a: Renounce Religion, Evoke Invisibility


You were in the Dungeon.
You worshipped Vehumet.
Vehumet was aware of your devotion.
You were not hungry.

You visited 1 branch You collected 220 gold pieces.
You spent 180 gold pieces at shops.

Inventory:

Jewellery
 m - the ring of Xom's Best Wishes (left tentacle) {SustAt -Tele rC+ Dex+7}
   (You bought it in a shop in the Dungeon)

   [ring of sustain attributes]

   It sustains your strength, intelligence and dexterity.
   It affects your dexterity (+7).
   It protects you from cold.
   It prevents most forms of teleportation.
 n - the ring of the Morning (right tentacle) {rElec rC++ Int+4 Stlth+}
   (You bought it in a shop in the Dungeon)

   [ring of stealth]

   It affects your intelligence (+4).
   It greatly protects you from cold.
   It insulates you from electricity.
   It makes you more stealthy.
 o - the amulet "Opoiline" (around mantle) {Stasis rC+ SInv}
   (You bought it in a shop in the Dungeon)

   [amulet of stasis]

   It prevents you from being teleported, slowed, hasted or paralysed.
   It protects you from cold.
   It lets you see invisible.
 p - the ring of Zirig (on tentacle) {Fire +Inv}
   (You bought it in a shop in the Dungeon)

   [ring of fire]

   It enhances your fire magic, and weakens your ice magic.
   It protects you from fire.
   It makes you vulnerable to cold.
   It lets you turn invisible.
Wands
 i - a wand of cold (5)
 j - a wand of fire (1)
Scrolls
 h - 4 scrolls of blinking
 k - 3 scrolls of fog
Potions
 c - a potion of curing
 d - 4 potions of heal wounds
 e - 3 potions of haste
 f - 2 potions of magic
 g - a potion of berserk rage
 l - a potion of resistance
Books
 a - a book of Flames

   Spells                             Type                      Level
   a - Flame Tongue                   Conjuration/Fire             1
   b - Throw Flame                    Conjuration/Fire             2
   c - Conjure Flame                  Conjuration/Fire             3
   d - Inner Flame                    Hexes/Fire                   3
   e - Sticky Flame                   Conjuration/Fire             4
   f - Fireball                       Conjuration/Fire             5
Comestibles
 b - a bread ration


   Skills:
 - Level 0.2 Fighting
 - Level 2.0 Dodging
 - Level 2.6 Stealth
 * Level 6.0 Spellcasting
 + Level 6.3 Conjurations
 - Level 7.2 Fire Magic
 - Level 1.4 Evocations


You had 10 spell levels left.
You knew the following spells:

 Your Spells              Type           Power        Failure   Level  Hunger
a - Flame Tongue          Conj/Fire      #####        1%          1    None
b - Fireball              Conj/Fire      ######....   17%         5    #####..


Dungeon Overview and Level Annotations

Branches:
Dungeon (1/1)

Altars:
Cheibriados
Dithmenos
Fedhas
Gozag
Kikubaaqudgha
Makhleb
Okawaru
Qazlal
Ru
Sif Muna
Trog
Vehumet
Xom
Yredelemnul
Zin
The Shining One
Jiyva
Lugonu

Shops:
D *[%??*?*:[((!!!!


Innate Abilities, Weirdness & Mutations

You cannot wear most types of armour.
You are amphibious.
You can wear up to eight rings at the same time.
You can use your tentacles to constrict eight enemies at once.
Your skin changes colour to match your surroundings (Stealth).
Your rubbery body absorbs attacks (AC +1).
You are covered in fur (AC +1).


Message History

You barely miss the porcupine.
The porcupine is moderately wounded.
The porcupine closely misses you.
Casting: Flame Tongue
Confirm with . or Enter, or press ? or * to list all spells.
Aiming: Flame Tongue
Press: ? - help, Shift-Dir - straight line, f - porcupine
Aim: a porcupine (moderately wounded)
You feel a surge of power!
The flame tongue hits the porcupine.
The porcupine is severely wounded.
The porcupine closely misses you.
Casting: Flame Tongue
Confirm with . or Enter, or press ? or * to list all spells.
Aiming: Flame Tongue
Press: ? - help, Shift-Dir - straight line, f/p - porcupine
Aim: a porcupine (severely wounded)
You feel a surge of power!
The flame tongue hits the porcupine.
The porcupine is severely wounded.
The porcupine bites you!
You die...

#_......._#
###.........###
#⌠...........⌠#
######.8.........8.#
##∩___......###......
###∩........8.# .8....
##.............###......
#⌠..........###...# #...
#⌠....r@....# #.<.# #...
#⌠...†......###...###...
##.............###......
###∩........8.# #.8....
##∩.._......###......
######.8.........8.#
#⌠...........⌠#
###.........###
#_........#


You could see a porcupine.

Vanquished Creatures
  2 necrophages (D)
  A river rat (D)
  A bat skeleton (D)
  A bat zombie (D)
  A quokka (D)
  A giant gecko skeleton (D)
7 creatures vanquished.

Notes
Turn   | Place    | Note
--------------------------------------------------------------
     0 | D        | Ponchio the Octopode Fire Elementalist began the quest for the Orb.
     0 | D        | Reached XP level 1. HP: 11/11 MP: 3/3
     2 | D        | Found a viscous altar of Jiyva.
     2 | D        | Found an opulent altar of Gozag.
     4 | D        | Found a shadowy altar of Dithmenos.
     4 | D        | Found a sacrificial altar of Ru.
     5 | D        | Found a glowing silver altar of Zin.
     5 | D        | Found a snail-covered altar of Cheibriados.
     6 | D        | Found a corrupted altar of Lugonu.
     6 | D        | Found Rusaeck's Magic Scroll Shop.
     6 | D        | Found Bocleshroy's Staff Store.
     6 | D        | Round 1.
     7 | D        | Found Uczex's Magic Scroll Shop.
     7 | D        | Found Opnuic's Must-Have Magic.
     9 | D        | Found a shimmering altar of Xom.
    10 | D        | Found Tyijusaj's Bee Food.
    11 | D        | Found Ver Urie's Jewellery.
    11 | D        | Found Cont's Advanced Armour.
    11 | D        | Found an ancient bone altar of Kikubaaqudgha.
    11 | D        | Found Ygucos's Identification Station.
    19 | D        | Bought a heavily runed gossamer ring for 45 gold pieces
    19 | D        | Bought a flickering gossamer ring for 45 gold pieces
    19 | D        | Bought a fine brass amulet for 45 gold pieces
    19 | D        | Bought a scintillating golden ring for 45 gold pieces
    19 | D        | Identified the ring of Xom's Best Wishes {SustAt -Tele rC+ Dex+7} (You bought it in a shop in the Dungeon)
    20 | D        | Identified the ring of the Morning {rElec rC++ Int+4 Stlth+} (You bought it in a shop in the Dungeon)
    21 | D        | Identified the amulet "Opoiline" {Stasis rC+ SInv} (You bought it in a shop in the Dungeon)
    22 | D        | Identified the ring of Zirig {Fire +Inv} (You bought it in a shop in the Dungeon)
    26 | D        | Found a glowing golden altar of the Shining One.
    27 | D        | Found a stormy altar of Qazlal.
    28 | D        | Found a basalt altar of Yredelemnul.
    29 | D        | Found Siesoukogo's Premium Goods.
    30 | D        | Found Ytwaby's Miscellaneous Merchandise.
    30 | D        | Found Jaimpeasm's Basic Armour.
    31 | D        | Found a bloodstained altar of Trog.
    31 | D        | Found Waxkiycyg's Weapon Rack.
    35 | D        | Found a radiant altar of Vehumet.
    36 | D        | Found a burning altar of Makhleb.
    37 | D        | Found a deep blue altar of Sif Muna.
    38 | D        | Found Geozxan's Do-It-Yourself Clinic.
    39 | D        | Found Qeakk's Bottled Wisdom.
    39 | D        | Found Kowolene's Distillery.
    39 | D        | Noticed a necrophage
    43 | D        | Killed a necrophage
    43 | D        | Reached skill level 4 in Conjurations
    43 | D        | Reached skill level 7 in Fire Magic
    43 | D        | Reached skill level 1 in Evocations
    43 | D        | Reached XP level 2. HP: 17/17 MP: 5/5
    43 | D        | Reached XP level 3. HP: 21/21 MP: 6/6
    43 | D        | Reached XP level 4. HP: 27/27 MP: 7/7
    49 | D        | Became a worshipper of Vehumet
    50 | D        | Found a blossoming altar of Fedhas.
    50 | D        | Found an iron altar of Okawaru.
    50 | D        | Found Boumi's Distillery.
    56 | D        | Gained mutation: You are covered in fur (AC +1). [mutagenic glow]
    80 | D        | Noticed a necrophage
    85 | D        | Killed a necrophage
    85 | D        | Reached skill level 5 in Spellcasting
    85 | D        | Reached XP level 5. HP: 23/30 MP: 0/13
    87 | D        | Reached * piety under Vehumet
    87 | D        | Offered knowledge of Freeze by Vehumet.
    87 | D        | Arena points: 12 (+12) [x2]
   134 | D        | Round 2.
   173 | D        | Learned a level 5 spell: Fireball
   183 | D        | Noticed a porcupine
   194 | D        | Slain by a porcupine

Action                   |  1- 3 |  4- 6 || total
-------------------------+-------+-------++-------
Melee: Unarmed           |       |    10 ||    10
 Cast: Flame Tongue      |       |    17 ||    17
Evoke: Wand              |     3 |     1 ||     4
  Use: Potion            |     1 |       ||     1
